 Dungeon Crawl Stone Soup version 0.21.1-1-g345015f (webtiles) character file.

29821 lyrx the Unseen (level 13, -4/62 HPs)
             Began as a Spriggan Enchanter on Mar 12, 2018.
             Was the Champion of Dithmenos.
             Slain by a wolf spider (12 damage)
             ... on level 1 of the Spider Nest.
             The game lasted 02:30:13 (15879 turns).

lyrx the Unseen (Spriggan Enchanter)               Turns: 15879, Time: 02:30:15

Health: -4/62      AC:  5    Str:  4    XL:     13   Next: 17%
Magic:  20/26      EV: 27    Int: 17    God:    Dithmenos [******]
Gold:   529        SH: 12    Dex: 24    Spells: 6/28 levels left

rFire    . . .     SeeInvis +   T - +4 rapier (speed)
rCold    . . .     Gourm    .   K - +3 buckler {AC+3}
rNeg     . . .     Faith    .   e - +0 robe
rPois    +         Spirit   .   (helmet restricted)
rElec    .         Reflect  .   H - scarf {repulsion}
rCorr    .         Harm     .   (gloves unavailable)
MR       ++...                  (boots unavailable)
Stlth    ++++++++++             B - amulet of magic regeneration
HPRegen  0.20/turn              t - +3 ring of dexterity
MPRegen  0.45/turn              x - ring of poison resistance

@: wreathed by umbra, repel missiles, very quick
A: very small, unfitting armour, see invisible, herbivore, speed 3, slow
metabolism 2
a: Shadow Step, Shadow Form, Renounce Religion


You were on level 1 of the Spider Nest.
You worshipped Dithmenos.
Dithmenos was exalted by your worship.
You were not hungry.

You visited 4 branches of the dungeon, and saw 17 of its levels.
You also visited: Sewer, Bailey and Ice Cave.

You collected 1075 gold pieces.
You spent 546 gold pieces at shops.

Inventory:

Hand Weapons
 a - a +1 dagger
 f - a +2 short sword of electrocution
 A - a +4 dagger
 D - a +0 dagger of venom
 T - a +4 rapier of speed (weapon)
Armour
 e - a +0 robe (worn)
 F - a +0 cloak
 H - a scarf of repulsion (worn)
 K - a +3 buckler of protection (worn)
Jewellery
 k - an uncursed amulet of guardian spirit
 r - a +1 ring of evasion
 t - a +3 ring of dexterity (left hand)
 x - a ring of poison resistance (right hand)
 B - an amulet of magic regeneration (around neck)
 R - an uncursed ring of protection from magic
 V - an uncursed ring of protection from fire
 Y - an uncursed ring of positive energy
Wands
 z - a wand of iceblast (17)
 M - a wand of paralysis (20)
 O - a wand of disintegration (7)
 P - a wand of digging (26)
 S - a wand of acid (8)
Scrolls
 g - 2 scrolls of enchant armour
 h - 7 scrolls of identify
 m - 12 scrolls of remove curse
 o - 5 scrolls of blinking
 p - 13 scrolls of teleportation
 u - a scroll of magic mapping
 w - a scroll of fear
 y - 2 scrolls of amnesia
 G - 2 scrolls of fog
Potions
 b - 2 potions of brilliance
 i - a potion of haste
 j - 2 potions of might
 l - 7 potions of curing
 n - 2 potions of ambrosia
 q - a potion of mutation
 s - a potion of lignification
 v - a potion of agility
 L - a potion of cancellation
Books
 c - a book of Maledictions

   Spells                             Type                      Level
   a - Corona                         Hexes                        1
   b - Ensorcelled Hibernation        Hexes/Ice                    2
   c - Confuse                        Hexes                        3
   d - Tukima's Dance                 Hexes                        3
   e - Dazzling Spray                 Conjuration/Hexes            3
 C - a book of Conjurations

   Spells                             Type                      Level
   a - Magic Dart                     Conjuration                  1
   b - Searing Ray                    Conjuration                  2
   c - Dazzling Spray                 Conjuration/Hexes            3
   d - Fulminant Prism                Conjuration/Hexes            4
   e - Force Lance                    Conjuration/Translocation    4
   f - Iskenderun's Mystic Blast      Conjuration                  4
 E - a book of Enchantments

   Spells                             Type                      Level
   a - Cause Fear                     Hexes                        4
   b - Yara's Violent Unravelling     Hexes/Transmutation          5
   c - Silence                        Hexes/Air                    5
   d - Deflect Missiles               Charms/Air                   6
   e - Discord                        Hexes                        8
 I - a book of Necromancy

   Spells                             Type                      Level
   a - Pain                           Necromancy                   1
   b - Animate Skeleton               Necromancy                   1
   c - Vampiric Draining              Necromancy                   3
   d - Regeneration                   Charms/Necromancy            3
   e - Animate Dead                   Necromancy                   4
   f - Borgnjor's Vile Clutch         Necromancy/Earth             5
 N - a book of Changes

   Spells                             Type                      Level
   a - Beastly Appendage              Transmutation                1
   b - Sticks to Snakes               Transmutation                2
   c - Spider Form                    Transmutation/Poison         3
   d - Ice Form                       Ice/Transmutation            4
   e - Blade Hands                    Transmutation                5
 Q - a Fen Folio

   Spells                             Type                      Level
   a - Corpse Rot                     Necromancy                   2
   b - Stone Arrow                    Conjuration/Earth            3
   c - Leda's Liquefaction            Hexes/Earth                  4
   d - Summon Forest                  Summoning/Translocation      5
   e - Hydra Form                     Transmutation                6
   f - Summon Hydra                   Summoning                    7
 U - Otsux's Compendium of the Voyage
   (You found it in a bailey)

   Spells                             Type                      Level
   a - Apportation                    Translocation                1
   b - Shroud of Golubria             Charms/Translocation         2
   c - Lesser Beckoning               Translocation                3
   d - Teleport Other                 Translocation                3
   e - Passage of Golubria            Translocation                4
   f - Summon Forest                  Summoning/Translocation      5
 W - a book of Beasts

   Spells                             Type                      Level
   a - Summon Butterflies             Summoning                    1
   b - Call Canine Familiar           Summoning                    3
   c - Summon Ice Beast               Ice/Summoning                4
   d - Summon Mana Viper              Hexes/Summoning              5
   e - Summon Hydra                   Summoning                    7
 X - a book of Debilitation

   Spells                             Type                      Level
   a - Corona                         Hexes                        1
   b - Slow                           Hexes                        2
   c - Inner Flame                    Hexes/Fire                   3
   d - Portal Projectile              Hexes/Translocation          3
   e - Cause Fear                     Hexes                        4
   f - Leda's Liquefaction            Hexes/Earth                  4
Miscellaneous
 J - a crystal ball of energy
Comestibles
 d - 14 rations


   Skills:
 + Level 4.3 Fighting
 + Level 12.0 Short Blades
 + Level 8.9 Dodging
 + Level 18.2 Stealth
 * Level 6.4 Shields
 + Level 8.1 Spellcasting
 - Level 0.5 Conjurations
 + Level 8.1 Hexes
 - Level 1.0 Summonings
 - Level 6.2 Evocations


You had 6 spell levels left.
You knew the following spells:

 Your Spells              Type           Power        Failure   Level  Hunger
a - Corona                Hex            ####...      1%          1    None
b - Ensorcelled Hibernat  Hex/Ice        ###...       3%          2    None
c - Confuse               Hex            ####....     1%          3    #......
d - Dazzling Spray        Conj/Hex       ###...       5%          3    #......
e - Cause Fear            Hex            ####......   3%          4    ###....
f - Summon Mana Viper     Hex/Summ       ###.....     41%         5    #####..
g - Fulminant Prism       Conj/Hex       ###.......   19%         4    ###....


Dungeon Overview and Level Annotations

Branches:
Dungeon (12/15)            Temple (1/1) D:4            Lair (3/6) D:9
 Spider (1/4) Lair:3
  Swamp: Lair:2-4    Shoals: Lair:2-4       Orc: D:9-12

Altars:
Ashenzari
Cheibriados
Dithmenos
Elyvilon
Fedhas
Gozag
Hepliaklqana
Kikubaaqudgha
Makhleb
Nemelex Xobeh
Okawaru
Qazlal
Ru
Sif Muna
Trog
Uskayaw
Vehumet
Wu Jian
Xom
Yredelemnul
Zin
The Shining One


Innate Abilities, Weirdness & Mutations

You are very small and have problems with some larger weapons.
You are too small for most types of armour.
You have supernaturally acute eyesight. (SInv)
You are a herbivore.
You cover ground extremely quickly.
You need consume almost no food.


Message History

Found 8 sling bullets.
There is a web here.
You disentangle yourself.
The wolf spider closely misses you. The wolf spider completely misses you.
Found a hunting sling.
A wolf spider comes into view.
The jumping spider leaps!
The orb spider weaves a glowing orb of energy.
An orb of destruction comes into view.
You block the wolf spider's attack. x2; The jumping spider leaps!
The wolf spider closely misses you. x2
There is a crawl-hole back to the Lair here.
You can't go down here!
The orb of destruction hits you!
Ouch! That really hurt!
* * * LOW HITPOINT WARNING * * *
You emit a cloud of dark smoke.
You block the wolf spider's attack. The wolf spider misses you.
You block the wolf spider's attack. The wolf spider bites you!
You die...

### ## ### #.### #.## ###.##
##...##...##
##>#..####..........#
###......##.(........#
#..#......##........^#
#.....#.§.#.........#
##)#..s@..^.......#.##
...##.#.s#s§§..#%.....#..###
........^#.s#..s.("......#..
...#..s....§......†.#..#....
...s.......s§.s#.#...#.)....
##......#...§§#....#.....##.
#.##.#........^......#....##
. #...........#....#.......#
#..#........^.............


You could see a demonic crawler, 2 wolf spiders, an orb spider, 2 jumping
spiders and a redback.

Vanquished Creatures
  Erolcha (D:12)
  2 hydras
  A two-headed ogre (D:9)
  A deep elf knight (Bailey)
  The ghost of Folque the Ducker, a novice DsWz of Sif Muna (Lair:1)
  The ghost of shugdite the Carver, a novice MiFi of Okawaru (D:6)
  10 deep elf magi (Bailey)
  A cyclops (D:12)
  4 ugly things
  The ghost of letownia2 the Spear-Bearer, a novice MfSk of Cheibriados (D:7)
  An oklob plant (D:9)
  A wolf spider (Lair:3)
  A manticore (D:11)
  A black mamba (Lair:2)
  A gargoyle (D:11)
  3 spiny frogs
  2 rime drakes
  A demonic crawler (Spider:1)
  2 ice devils (D:12)
  A komodo dragon (Lair:3)
  3 jumping spiders (Lair:3)
  A troll (D:10)
  The ghost of Mirai the Chopper, an amateur DsFi of Okawaru (D:5)
  A hornet (D:8)
  4 blink frogs (Lair:2)
  4 hippogriffs
  16 yaks
  2 redbacks
  A spriggan (D:9)
  2 wraiths
  4 wyverns
  A basilisk (Lair:1)
  A shadow (D:11)
  The ghost of Phong the Gusty, an amateur TeAE (D:4)
  4 water moccasins
  4 porcupines
  5 orc warriors
  3 sky beasts
  A necrophage (D:12)
  3 phantoms
  4 ogres
  An eye of draining (D:9)
  9 ice beasts
  2 black bears
  9 wolves
  4 centaurs
  4 crocodiles
  2 big kobolds (D:10)
  15 bullfrogs
  6 scorpions
  22 killer bees
  3 crimson imps
  2 bullfrog zombies
  A centaur zombie (D:7)
  5 hounds
  A quasit (D:10)
  4 jellies (D:11)
  12 orc wizards
  Crazy Yiuf (D:7)
  5 orc priests
  2 bullfrog skeletons
  3 centaur skeletons
  A gnoll shaman (D:6)
  8 iguanas
  8 worker ants
  3 hound skeletons
  2 worker ant zombies
  5 gnolls (D:6)
  13 adders
  5 shadow imps
  15 oozes
  2 adder zombies (D:5)
  An adder skeleton (D:4)
  2 worms
  4 dart slugs
  17 leopard geckos
  46 orcs
  8 ball pythons
  18 giant cockroaches
  7 goblins
  8 hobgoblins
  10 jackals
  3 quokkas
  10 bats
  17 frilled lizards
  13 kobolds
  A leopard gecko skeleton (D:6)
  A quokka zombie (D:9)
  6 rats
450 creatures vanquished.

Vanquished Creatures (others)
  A bush (D:5)
  5 fulminant prisms (IceCv)
  A fungus (Lair:2)
7 creatures vanquished.

Grand Total: 457 creatures vanquished

Notes
Turn   | Place    | Note
-------+----------+-------------------------------------------
     0 | D:1      | lyrx the Spriggan Enchanter began the quest for the Orb.
     0 | D:1      | Reached XP level 1. HP: 9/9 MP: 5/5
    64 | D:1      | Reached skill level 5 in Stealth
    64 | D:1      | Reached XP level 2. HP: 13/13 MP: 7/7
    68 | D:1      | Learned a level 2 spell: Ensorcelled Hibernation
   399 | D:1      | Reached XP level 3. HP: 12/16 MP: 5/8
  1234 | D:2      | Found a basalt altar of Yredelemnul.
  1296 | D:2      | Found a hide-covered altar of Uskayaw.
  1631 | D:2      | Reached skill level 6 in Stealth
  1648 | D:2      | Found a blossoming altar of Fedhas.
  1829 | D:3      | Reached XP level 4. HP: 19/21 MP: 3/10
  1991 | D:3      | Learned a level 3 spell: Confuse
  2245 | D:3      | Found a stormy altar of Qazlal.
  2249 | D:3      | Found a hazy altar of Hepliaklqana.
  2256 | D:3      | Found a shimmering altar of Xom.
  2257 | D:3      | Found a glowing golden altar of the Shining One.
  2258 | D:3      | Found an iron altar of Okawaru.
  2259 | D:3      | Found an opulent altar of Gozag.
  2260 | D:3      | Found a sacrificial altar of Ru.
  2449 | D:4      | Noticed Phong's ghost (amateur TeAE)
  2792 | D:4      | Reached XP level 5. HP: 24/24 MP: 6/11
  2874 | D:4      | Reached skill level 7 in Stealth
  3105 | D:4      | Reached XP level 6. HP: 28/29 MP: 5/13
  3113 | D:4      | Reached skill level 8 in Stealth
  3301 | D:4      | Killed Phong's ghost
  3382 | D:4      | Reached skill level 9 in Stealth
  3517 | D:4      | Found a staircase to the Ecumenical Temple.
  3538 | D:4      | Reached XP level 7. HP: 32/32 MP: 8/14
  3551 | Temple   | Entered the Ecumenical Temple
  3933 | Temple   | Became a worshipper of Dithmenos the Shadowed
  4005 | D:5      | Entered Level 5 of the Dungeon
  4023 | D:5      | Noticed Mirai's ghost (amateur DsFi)
  4039 | D:5      | Killed Mirai's ghost
  4039 | D:5      | Reached skill level 1 in Fighting
  4039 | D:5      | Reached skill level 10 in Stealth
  4039 | D:5      | Reached skill level 5 in Hexes
  4046 | D:5      | Reached skill level 5 in Spellcasting
  4055 | D:5      | Found a burning altar of Makhleb.
  4142 | D:5      | Found a glowing drain.
  4281 | Sewer    | Entered a sewer
  4390 | Sewer    | Reached * piety under Dithmenos
  4541 | Sewer    | Reached XP level 8. HP: 37/37 MP: 16/16
  4561 | Sewer    | Reached ** piety under Dithmenos
  4652 | Sewer    | Reached skill level 11 in Stealth
  4871 | D:5      | Found a glowing silver altar of Zin.
  5266 | D:5      | Reached *** piety under Dithmenos
  5479 | D:6      | Reached skill level 12 in Stealth
  5605 | D:6      | Noticed shugdite's ghost (novice MiFi)
  6075 | D:6      | Killed shugdite's ghost
  6075 | D:6      | Reached skill level 13 in Stealth
  6075 | D:6      | Reached XP level 9. HP: 42/42 MP: 11/19
  6102 | D:6      | Learned a level 3 spell: Dazzling Spray
  6326 | D:6      | Reached skill level 5 in Dodging
  6657 | D:7      | Learned a level 4 spell: Cause Fear
  6672 | D:7      | Reached skill level 5 in Short Blades
  6722 | D:7      | Found a runed door.
  6726 | D:7      | Noticed Crazy Yiuf
  6730 | D:7      | Killed Crazy Yiuf
  6858 | D:7      | Noticed letownia2's ghost (novice MfSk)
  6952 | D:7      | Killed letownia2's ghost
  6952 | D:7      | Reached skill level 14 in Stealth
  7177 | D:7      | Reached **** piety under Dithmenos
  7483 | D:7      | Reached XP level 10. HP: 45/47 MP: 15/21
  7631 | D:7      | Reached skill level 15 in Stealth
  7788 | D:8      | Found Miorar's Magic Scroll Emporium.
  8183 | D:8      | Bought a scroll of teleportation for 42 gold pieces
  8183 | D:8      | Bought a scroll of remove curse for 42 gold pieces
  8183 | D:8      | Bought a scroll of remove curse for 42 gold pieces
  8183 | D:8      | Bought a scroll of identify for 28 gold pieces
  8183 | D:8      | Bought a scroll of remove curse for 42 gold pieces
  8183 | D:8      | Bought a scroll of fog for 28 gold pieces
  8183 | D:8      | Bought a scroll of remove curse for 42 gold pieces
  8183 | D:8      | Bought a scroll of enchant armour for 105 gold pieces
  8783 | D:9      | Found a radiant altar of Vehumet.
  8790 | D:9      | Reached skill level 5 in Evocations
  8839 | D:9      | Reached ***** piety under Dithmenos
  8868 | D:9      | Found a staircase to the Lair.
  8911 | D:9      | Reached skill level 16 in Stealth
  9358 | D:9      | Noticed a two-headed ogre
  9365 | D:9      | Killed a two-headed ogre
  9365 | D:9      | Reached skill level 17 in Stealth
  9611 | D:10     | Entered Level 10 of the Dungeon
  9793 | D:10     | Reached XP level 11. HP: 51/51 MP: 23/23
 10285 | D:9      | Noticed an oklob plant
 10442 | D:9      | Killed an oklob plant
 10529 | D:8      | Bought a scroll of identify for 28 gold pieces
 10529 | D:8      | Bought a scroll of blinking for 105 gold pieces
 10529 | D:8      | Bought a scroll of teleportation for 42 gold pieces
 10533 | D:8      | Identified a scroll of acquirement
 11033 | D:11     | Reached skill level 1 in Shields
 11055 | D:11     | Found a flagged portal.
 11065 | Bailey   | Entered a bailey
 11072 | Bailey   | Noticed a deep elf mage
 11076 | Bailey   | Killed a deep elf mage
 11076 | Bailey   | Reached skill level 18 in Stealth
 11084 | Bailey   | Noticed a deep elf mage
 11085 | Bailey   | Noticed a deep elf mage
 11085 | Bailey   | Noticed a deep elf mage
 11086 | Bailey   | Noticed a deep elf mage
 11087 | Bailey   | Killed a deep elf mage
 11089 | Bailey   | Noticed a deep elf mage
 11090 | Bailey   | Killed a deep elf mage
 11092 | Bailey   | Noticed a deep elf mage
 11093 | Bailey   | Killed a deep elf mage
 11105 | Bailey   | Killed a deep elf mage
 11122 | Bailey   | Killed a deep elf mage
 11143 | Bailey   | Killed a deep elf mage
 11154 | Bailey   | Noticed a deep elf mage
 11154 | Bailey   | Noticed a deep elf mage
 11154 | Bailey   | Noticed a deep elf mage
 11157 | Bailey   | Killed a deep elf mage
 11159 | Bailey   | Killed a deep elf mage
 11164 | Bailey   | Killed a deep elf mage
 11209 | Bailey   | Noticed a deep elf knight
 11213 | Bailey   | Killed a deep elf knight
 11213 | Bailey   | Reached ****** piety under Dithmenos
 11228 | Bailey   | Identified Otsux's Compendium of the Voyage
 11462 | D:11     | Reached XP level 12. HP: 56/56 MP: 17/25
 11541 | D:11     | Noticed an eight-headed hydra
 11544 | D:11     | Killed an eight-headed hydra
 12471 | D:12     | Noticed Erolcha
 12478 | D:12     | Killed Erolcha
 12478 | D:12     | Reached skill level 5 in Shields
 12491 | D:12     | Reached skill level 10 in Short Blades
 12650 | D:12     | Found a frozen archway.
 12700 | IceCv    | Entered an ice cave
 13049 | IceCv    | Learned a level 5 spell: Summon Mana Viper
 13259 | IceCv    | Learned a level 4 spell: Fulminant Prism
 13496 | D:12     | Noticed a centaur warrior
 13585 | Lair:1   | Entered Level 1 of the Lair of Beasts
 13592 | Lair:1   | Noticed Folque's ghost (novice DsWz)
 13613 | Lair:1   | Killed Folque's ghost
 14623 | Lair:2   | Reached skill level 1 in Summonings
 14955 | Lair:3   | Noticed a seven-headed hydra
 14957 | Lair:3   | Killed a seven-headed hydra
 14963 | Lair:3   | Reached XP level 13. HP: 61/61 MP: 23/26
 15405 | Lair:3   | Found a hole to the Spider Nest.
 15804 | Spider:1 | Entered Level 1 of the Spider Nest
 15879 | Spider:1 | Slain by a wolf spider

Skill      XL: |  1  2  3  4  5  6  7  8  9 10 11 12 13 |
---------------+----------------------------------------+-----
Spellcasting   | 3 4 5 6 7 8 |  8.1
Stealth        | 5 6 7 9 10 13 14 17 18 | 18.2
Short Blades   | 2 3 4 5 6 8 11 12 | 12.0
Hexes          | 4 5 6 7 8 |  8.1
Fighting       | 1 2 4 |  4.3
Dodging        | 4 5 6 7 8 |  8.9
Evocations     | 2 3 5 6 |  6.2
Shields        | 4 6 |  6.4
Summonings     | 1 |  1.0
Conjurations   | |  0.5

Action                   |  1- 3 |  4- 6 |  7- 9 | 10-12 | 13-15 || total
-------------------------+-------+-------+-------+-------+-------++-------
Melee: Dagger            |    13 |       |       |       |       ||    13
       Short sword       |    62 |   124 |   364 |   259 |       ||   809
       Rapier            |       |       |       |   179 |    68 ||   247
 Cast: Ensorcelled Hiber |     8 |    15 |    61 |    88 |    11 ||   183
       Confuse           |       |    10 |    20 |    47 |     5 ||    82
       Dazzling Spray    |       |       |     4 |    35 |    12 ||    51
       Fulminant Prism   |       |       |       |     5 |       ||     5
       Summon Mana Viper |       |       |       |     4 |     1 ||     5
       Cause Fear        |       |       |       |     1 |     1 ||     2
Invok: Shadow Step       |       |       |       |     1 |       ||     1
Evoke: Wand              |       |       |       |     4 |       ||     4
  Use: Scroll            |     6 |     4 |     2 |    17 |       ||    29
       Potion            |     2 |       |       |       |       ||     2
 Stab: Sleeping          |    22 |    19 |    64 |   111 |     8 ||   224
       Distracted        |     1 |     2 |     1 |     2 |     4 ||    10
       Confused          |       |     2 |    11 |    21 |     2 ||    36
       Invisible         |       |       |     1 |     7 |     2 ||    10
  Eat: Ration            |       |     1 |     4 |     4 |     1 ||    10
Armor: Robe              |     4 |     5 |    17 |     6 |     1 ||    33
Dodge: Dodged            |    43 |    77 |   346 |   202 |    77 ||   745
Block: Buckler           |       |       |       |    47 |    45 ||    92
